 Dungeon Crawl Stone Soup version 0.29-a0-824-gd827844252 (webtiles) character file.

Game seed: 16352841761942587124

2534 Meatmasher the Cudgeller (level 9, -2/115 HPs)
             Began as a Palentonga Berserker on July 9, 2022.
             Was a Priest of Trog.
             Slain by an orc warrior
             ... wielding a +0 war axe
              (5 damage)
             ... in a bailey.
             The game lasted 00:34:49 (7387 turns).

Meatmasher the Cudgeller (Palentonga Berserker)     Turns: 7387, Time: 00:34:50

Health: -2/115     AC: 20    Str: 25    XL:     9   Next: 30%
Magic:  9/9        EV:  5    Int:  8    God:    Trog [***...]
Gold:   290        SH:  3    Dex:  9    Spells: 8/8 levels left

rFire   . . .      SeeInvis +   P - +6 flail (holy)
rCold   . . .      Faith    .   U - +0 buckler
rNeg    . . .      Spirit   .   z - +0 plate armour
rPois   +          Reflect  .   T - +0 helmet
rElec   .          Harm     .   I - +0 cloak
rCorr   .          Rampage  .   (no gloves)
Will    .....                   (no barding)
Stlth   ..........              K - amulet of regeneration
HPRegen 1.09/turn               E - ring of poison resistance
MPRegen 0.11/turn               (no ring)

@: berserking, curled up, very quick
A: large, rugged brown scales 3, see invisible, deformed body, roll 1, armoured
tail, reflexive curl
a: Rolling Charge, Renounce Religion, Berserk, Trog's Hand


You were in a bailey.
You worshipped Trog.
Trog was most pleased with you.
You visited 1 branch of the dungeon, and saw 8 of its levels.
You also visited: Bailey.

You collected 416 gold pieces.
You spent 126 gold pieces at shops.

Inventory:

Hand Weapons
 j - a +1 flail of protection
 l - a +2 whip of venom
 m - a +0 trident
 n - a +0 dagger
 J - a +1 vorpal hand axe
 P - a +6 flail of holy wrath (weapon)
 V - a +1 rapier of venom
Missiles
 p - 6 atropa-tipped darts
 w - 65 stones
 A - 10 poisoned darts
 W - a throwing net
 X - a datura-tipped dart
Armour
 i - a +0 ring mail
 v - an orb of energy
 z - a +0 plate armour (worn)
 I - a +0 cloak (worn)
 Q - a +2 ring mail of fire resistance
 T - a +0 helmet (worn)
 U - a +0 buckler (worn)
Jewellery
 E - a ring of poison resistance (left hand)
 H - an amulet of magic regeneration
 K - an amulet of regeneration (around neck)
 L - a ring of resist corrosion
 R - a +6 ring of intelligence
Wands
 N - a wand of flame (41)
Scrolls
 d - 9 scrolls of teleportation {unknown}
 e - 2 scrolls of silence {unknown}
 h - a scroll of enchant armour {unknown}
 k - a scroll of torment {unknown}
 q - 2 scrolls of noise {unknown}
 r - a scroll of magic mapping {unknown}
 s - a scroll of brand weapon {unknown}
 t - a scroll of poison {unknown}
 u - 6 scrolls of identify {unknown}
 B - a scroll of vulnerability {unknown}
 D - 2 scrolls of fear {unknown}
 F - 2 scrolls of blinking {unknown}
 Z - a scroll of enchant weapon {unknown}
Potions
 c - 4 potions of lignification {unknown}
 o - 5 potions of curing {unknown}
 x - a potion of brilliance {unknown}
 C - a potion of flight {unknown}
 G - a potion of attraction {unknown}
 M - a potion of might
 O - 2 potions of heal wounds {unknown}
 S - a potion of berserk rage {unknown}
 Y - a potion of degeneration {unknown}


   Skills:
 * Level 7.3 Fighting
 - Level 3.6 Long Blades
 + Level 7.7 Maces & Flails
 + Level 5.7 Armour
 + Level 2.2 Dodging
 + Level 0.5 Stealth
 + Level 0.2 Shields


You had 8 spell levels left.
You didn't know any spells.
Your spell library contained the following spells:

 Spells                   Type           Power      Damage    Failure   Level
 Necrotise                Necr           0%         1d4       100%        1
 Vampiric Draining        Necr           0%         2d6       100%        3
 Agony                    Necr           0%         N/A       100%        5


Dungeon Overview and Level Annotations

Branches:
Dungeon (8/15)             Temple (0/1) D:4          Bailey (1/1)
   Lair: D:8-11

Altars:
Elyvilon
Gozag
Makhleb
Xom

Shops:
D:7 ([


Innate Abilities, Weirdness & Mutations

You are completely covered in rugged brown scales. (AC +3, +7% HP)
You have supernaturally acute eyesight. (SInv)
Armour fits poorly on your strangely shaped body.
You can roll at nearby foes to attack.
You have a long armoured tail.
You curl defensively after being hit. (AC +7*)


Message History

Trog accepts your kill. You block the orc warrior's attack.
The orc warrior hits you with a +0 war axe.
The orc warrior hits you with a +0 war axe!
You block the orc warrior's attack. The gnoll barely misses you.
Things that are here:
a +0 war axe; a +0 plate armour; an orc corpse You hit the orc warrior.
The orc warrior is lightly wounded.
The orc warrior barely misses you.
The orc warrior hits you with a +0 war axe!
The goblin barely misses you. The gnoll hits you but does no damage.
Activating: Berserk (0% risk of failure)
Press: ? - help, Q - select action, (/) - cycle Dir - look around, f - activate A red film seems to cover your vision as you go berserk!
You feel yourself moving faster!
You feel mighty!
The orc warrior hits you but does no damage.
The orc warrior hits you with a +0 war axe.
The goblin hits you but does no damage. The gnoll hits you with a +0 hand axe.
* * * LOW HITPOINT WARNING * * *
You barely miss the orc warrior.
The orc warrior is lightly wounded.
The orc warrior hits you with a +0 war axe.
* * * LOW HITPOINT WARNING * * *
The orc warrior hits you with a +0 war axe.
* * * LOW HITPOINT WARNING * * *
The goblin hits you but does no damage. The gnoll hits you with a +0 hand axe.
* * * LOW HITPOINT WARNING * * *
You closely miss the gnoll. You block the orc warrior's attack.
The orc warrior hits you with a +0 war axe!
* * * LOW HITPOINT WARNING * * *
The goblin hits you but does no damage. The gnoll closely misses you.
There is an open door, spattered with blood here.
You sock the orc warrior!
The orc warrior is moderately wounded.
The orc warrior hits you with a +0 war axe.
* * * LOW HITPOINT WARNING * * *
The orc warrior hits you with a +0 war axe.
You die...

.....)....# .......
.........### ### .....
##.....###.### ###.###.g.
###.#'#.....###
###.....#'#
###.........###.........##
#......))...#...........#
#.......)...#...........#
#.....)))...#og...⌠.....#
#......)....@gg.........#
#......))...#o..........#
##.........###.........##
###.....### ###.....###
###.### ###.### ### ###


You could see 2 orc warriors, a gnoll, a hobgoblin and a goblin.

Vanquished Creatures
  Edmund (D:6)
  A water moccasin (D:6)
  6 orc warriors
  3 ice beasts
  An ogre (D:6)
  2 centaurs
  2 phantoms
  2 bullfrogs
  A gnoll sergeant (D:7)
  A scorpion (D:5)
  3 wights (D:7)
  2 howler monkeys (D:7)
  2 jellies (D:7)
  3 orc priests
  6 iguanas
  2 orc wizards
  6 gnolls
  5 adders
  2 white imps
  An ufetubus (D:4)
  3 worms
  2 dart slugs
  23 orcs
  6 bats
  8 endoplasms
  2 giant cockroaches
  11 goblins
  13 hobgoblins
  9 jackals
  5 quokkas
  3 training dummies (D:7)
  8 ball pythons
  5 frilled lizards
  7 kobolds
  4 rats
161 creatures vanquished.

Vanquished Creatures (others)
  2 fungi (D:6)
2 creatures vanquished.

Grand Total: 163 creatures vanquished

Notes
Turn   | Place    | Note
-------+----------+-------------------------------------------
     0 | D:1      | Meatmasher the Palentonga Berserker began the quest for the
                  | Orb.
     0 | D:1      | Reached XP level 1. HP: 19/19 MP: 1/1
   293 | D:1      | Reached XP level 2. HP: 25/25 MP: 2/2
  1210 | D:2      | Reached XP level 3. HP: 31/31 MP: 3/3
  1456 | D:2      | Reached ** piety under Trog
  1652 | D:2      | Reached skill level 1 in Maces & Flails
  1765 | D:2      | Reached XP level 4. HP: 32/37 MP: 4/4
  2268 | D:3      | Found a faded altar of an unknown god.
  3585 | D:4      | Reached XP level 5. HP: 36/43 MP: 5/5
  3983 | D:4      | Found a staircase to the Ecumenical Temple.
  4190 | D:5      | Entered Level 5 of the Dungeon
  4399 | D:5      | Reached XP level 6. HP: 38/51 MP: 6/6
  4745 | D:5      | Reached *** piety under Trog
  4863 | D:5      | Found a shimmering altar of Xom.
  5399 | D:6      | Noticed an ice beast
  5408 | D:6      | Killed an ice beast
  5526 | D:6      | Gained mutation: You curl defensively after being hit. (AC
                  | +7*) [Palentonga growth]
  5526 | D:6      | Reached XP level 7. HP: 58/58 MP: 7/7
  5558 | D:6      | Reached skill level 5 in Fighting
  5762 | D:6      | Noticed Edmund
  5774 | D:6      | Killed Edmund
  5924 | D:6      | Reached skill level 5 in Maces & Flails
  6326 | D:7      | Reached XP level 8. HP: 61/67 MP: 8/8
  6342 | D:7      | Found Xoroegut's Armour Emporium.
  6363 | D:7      | Bought a +0 helmet for 63 gold pieces
  6363 | D:7      | Bought a +0 buckler for 63 gold pieces
  6418 | D:7      | Found an opulent altar of Gozag.
  6432 | D:7      | Found a burning altar of Makhleb.
  6432 | D:7      | Found a white marble altar of Elyvilon.
  6703 | D:7      | Found Ytibimo's Firing Range.
  6715 | D:7      | Reached skill level 5 in Armour
  7153 | D:8      | Found a flagged portal.
  7172 | D:8      | Reached XP level 9. HP: 40/75 MP: 9/9
  7177 | Bailey   | Entered a bailey
  7385 | Bailey   | HP: 5/115 [orc warrior/+0 war axe (13)]
  7387 | Bailey   | Slain by an orc warrior

Illustrated notes

Levels and vault maps discovered:
D:1:      doesnt_arrival_eight_statues, layout_basic, hangedman_decor_points
D:2:      layout_loops_corners
D:3:      layout_basic, chequers_ecumenical_altar_island,
          chequers_serial_rivers_micro_e, minmay_misc_feat_rugged
D:4:      layout_basic, temple_statues
D:5:      layout_loops_ring, lemuel_crystal_altar, nicolae_figureground_pulse
D:6:      layout_loops_cross, serial_aquarium, aquarium_bridge_straight
          [aquarium_subvault_bridge, aquarium_subvault_window,
          aquarium_subvault_bridge, aquarium_subvault_window],
          aquarium_window_1, aquarium_window_corridor_1, aquarium_window_fake,
          aquarium_view_2a, aquarium_view_2d, uniq_edmund
D:7:      layout_basic, grunt_temple_overflow_open, serial_shops,
          nicolae_stop_n_shop_1, nicolae_concentric_dashed_squares_wild,
          nicolae_shop_firing_range
D:8:      layout_loops_ring, chequers_temple_overflow_minitemple,
          enter_bailey_5, centaur_isle, uniq_joseph
Bailey:   bailey_axe_minmay_hex_keep, bailey

Skill      XL: |  1  2  3  4  5  6  7  8  9 |
---------------+----------------------------+-----
Armour         | 2 3 4 5 |  5.7
Maces & Flails | 1 2 3 4 5 7 |  7.7
Fighting       | 4 5 6 7 |  7.3
Dodging        | 2 |  2.2
Long Blades    | |  3.6
Stealth        | |  0.5
Shields        | |  0.2

Action                   |  1- 3 |  4- 6 |  7- 9 || total
-------------------------+-------+-------+-------++-------
Melee: Falchion          |    16 |       |       ||    16
       Whip              |    65 |   155 |    28 ||   248
       Tailslap          |     9 |    16 |    18 ||    43
       Flail             |     1 |       |   146 ||   147
       Punch             |       |     2 |     3 ||     5
Throw: Dart              |       |       |     3 ||     3
Invok: Berserk           |       |     4 |     7 ||    11
       Trog's Hand       |       |       |     1 ||     1
 Abil: Rolling Charge    |    21 |    14 |    22 ||    57
Armor: Animal skin       |    11 |       |       ||    11
       Ring mail         |    15 |       |       ||    15
       Chain mail        |    10 |       |       ||    10
       Plate armour      |       |    78 |   104 ||   182
Dodge: Dodged            |    30 |    30 |    36 ||    96
Block: Buckler           |       |       |    19 ||    19

Table legend: (Time is in decaauts)
 A = Elapsed time spent in this place.
 B = Non-inter-level travel time spent in this place.
 C = Inter-level travel time spent in this place.
 D = Time resting spent in this place.
 E = Time spent auto-exploring this place.
 F = Levels seen in this place.
 G = Mean time per level.
                   A        B        C        D        E       F      G
               +--------+--------+--------+--------+--------+-----+--------+
         Total |   7494 |   6123 |   1371 |    714 |   4342 |   9 |  832.7 |
       Dungeon |   7251 |   5880 |   1371 |    619 |   4342 |   8 |  906.4 |
        Bailey |    243 |    243 |      0 |     94 |      0 |   1 |  243.0 |
               +--------+--------+--------+--------+--------+-----+--------+

Top non-repeatable levels by time:
     D:2: 1242 daAuts
     D:5: 1109 daAuts
     D:1: 1106 daAuts
     D:6: 1032 daAuts
     D:3: 958 daAuts
     D:4: 900 daAuts
     D:7: 827 daAuts
  Bailey: 243 daAuts
     D:8: 74 daAuts
